 Dungeon Crawl Stone Soup version 0.26-a0-639-g72c4674329 (webtiles) character file.

Game seed: 15621644180249898428

49 Peloso the Skirmisher (level 3, 28/29 HPs)
             Began as a Demonspawn Fighter on Sept 18, 2020.
             Got out of the dungeon alive.
             The game lasted 00:03:06 (907 turns).

Peloso the Skirmisher (Demonspawn Fighter)           Turns: 907, Time: 00:03:06

Health: 28/29      AC: 10    Str: 17    XL:     3   Next: 53%
Magic:  3/3        EV:  6    Int:  9    God:
Gold:   95         SH:  9    Dex: 12    Spells: 2/2 levels left

rFire    + + .     SeeInvis .   a - +0 long sword
rCold    x . .     Faith    .   c - +0 kite shield
rNeg     . . .     Spirit   .   l - +0 fire dragon scales (curse)
rPois    .         Reflect  .   (helmet restricted)
rElec    .         Harm     .   (no cloak)
rCorr    .         Rampage  .   (no gloves)
MR       .....                  (no boots)
Stlth    ..........             (no amulet)
HPRegen  0.09/turn              (no ring)
MPRegen  0.08/turn              (no ring)

@: no status effects
A: horns 1, rugged brown scales 1
a: no special abilities


You escaped.
You visited 1 branch of the dungeon, and saw 2 of its levels.

You collected 95 gold pieces.

Inventory:

Hand Weapons
 a - a +0 long sword (weapon)
Armour
 b - a +0 scale mail
 c - a +0 kite shield (worn)
 j - a +0 helmet
 k - a +0 chain mail
 l - cursed +0 fire dragon scales (worn)
Scrolls
 h - a scroll of fear
 i - 2 scrolls of amnesia
Potions
 d - a potion of might
 f - a potion of heal wounds


   Skills:
 + Level 3.4 Fighting
 + Level 2.3 Long Blades
 + Level 3.0 Armour
 + Level 3.2 Shields


You had 2 spell levels left.
You didn't know any spells.
Your spell library was empty.

Dungeon Overview and Level Annotations

Branches:
Dungeon (2/15)

Altars:


Innate Abilities, Weirdness & Mutations

You have a pair of small horns on your head.
You are partially covered in rugged brown scales. (AC +1, +3% HP)


Message History

Jessica hits you with a +0 club. You block Jessica's attack.
You slash Jessica!
You kill Jessica!
Your Armour skill increases to level 3!
You have reached level 3!
Your experience leads to an increase in your attributes!
Increase (S)trength, (I)ntelligence, or (D)exterity?
You feel stronger.
Your demonic ancestry asserts itself...
A pair of horns grows on your head!
Your +0 helmet falls away!
(D) Dungeon
Where to? (Enter - D:12, ? - help)
What level of the Dungeon? (default 1, ? - help)
There is an open door here.
There is a stone staircase leading up here.
You climb upwards.
There is a stone staircase leading down here.
There is a staircase leading out of the dungeon here.
Are you sure you want to leave the Dungeon?
This will make you lose the game!
You have escaped!

################.##############..
......#(.#.............#..##.....
......#.#...............#.#..###.
......##.......#.#.......##...##.
...####......#.#.#.#......#....##
....###.....##.#.#.##.....#.....#
.....##.......⌠#[#⌠.......#.....#
......#..#######.#######..#.....#
..........).....@................
.....##..#######.#######..#.....#
..^..##.......⌠#.#⌠.......#....##
......#.....##.#.#.##.....#....##
.....##......#.#.#.#......#.....#
.....###.......#.#.......##.....#
......#.#...............#.#.....#
......#..#.............#..#.....#
......##########.##########.....#


There were no monsters in sight!

Vanquished Creatures
  Jessica (D:2)
  An adder (D:2)
  A goblin (D:1)
  3 hobgoblins (D:1)
  4 bats
  5 frilled lizards
  A kobold (D:1)
  2 rats (D:1)
18 creatures vanquished.

Notes
Turn   | Place    | Note
-------+----------+-------------------------------------------
     0 | D:1      | Peloso the Demonspawn Fighter began the quest for the Orb.
     0 | D:1      | Reached XP level 1. HP: 18/18 MP: 1/1
   247 | D:1      | Gained mutation: You are partially covered in rugged brown
                  | scales. (AC +1, +3% HP) [demonic ancestry]
   247 | D:1      | Reached XP level 2. HP: 18/24 MP: 2/2
   856 | D:2      | Noticed Jessica
   870 | D:2      | Killed Jessica
   870 | D:2      | Gained mutation: You have a pair of small horns on your
                  | head. [demonic ancestry]
   870 | D:2      | Reached XP level 3. HP: 24/29 MP: 3/3
   907 | D:$      | Got out of the dungeon alive.

Illustrated notes

Levels and vault maps discovered:
D:1:      matt_arrival_grand_opening, layout_rooms
D:2:      layout_loops_corners, gammafunk_temple_overflow_pools, uniq_jessica,
          uniq_natasha

Skill      XL: |  1  2 |
---------------+-------+-----
Shields        | 3 |  3.2
Long Blades    | 2 |  2.3
Armour         | 3 |  3.0
Fighting       | |  3.4

Action                   || total
-------------------------++-------
Melee: Long sword        ||    63
  Use: Scroll            ||     3
       Potion            ||     1
Armor: Scale mail        ||    13
       Fire dragon scale ||    16
       Chain mail        ||    14
Dodge: Dodged            ||    10
Block: Kite shield       ||    37
       Rpst.: Long sword ||     5

Table legend: (Time is in decaauts)
 A = Elapsed time spent in this place.
 B = Non-inter-level travel time spent in this place.
 C = Inter-level travel time spent in this place.
 D = Time resting spent in this place.
 E = Time spent auto-exploring this place.
 F = Levels seen in this place.
 G = Mean time per level.
                   A        B        C        D        E       F      G
               +--------+--------+--------+--------+--------+-----+--------+
         Total |    931 |    867 |     64 |      0 |    623 |   2 |  465.5 |
       Dungeon |    931 |    867 |     64 |      0 |    623 |   2 |  465.5 |
               +--------+--------+--------+--------+--------+-----+--------+

Top non-repeatable levels by time:
     D:1: 665 daAuts
     D:2: 266 daAuts
